 Dungeon Sprint DCSS version 0.27.1-33-g824d729ab1 (webtiles) character file.

Game seed: 14448720651148824939

2325 Hipnos the Gelid (level 9, 0/47 HPs)
             Began as a Deep Elf Ice Elementalist on Nov 27, 2021.
             Was a Believer of Vehumet.
             Slain by a demonic crawler (6 damage)
             ... in the Dungeon (Sprint I: "Red Sonja").
             The game lasted 00:06:44 (1398 turns).

Hipnos the Gelid (Deep Elf Ice Elementalist)        Turns: 1398, Time: 00:06:45

Health: 0/47       AC: 15    Str:  5    XL:     9   Next: 19%
Magic:  16/30      EV: 15    Int: 24    God:    Vehumet [**....]
Gold:   701        SH:  0    Dex: 15    Spells: 24/38 levels left

rFire    . . .     SeeInvis .   c - +0 dagger
rCold    . . .     Faith    .   (no shield)
rNeg     . . .     Spirit   .   h - +2 robe {Will+}
rPois    .         Reflect  .   (no helmet)
rElec    .         Harm     .   (no cloak)
rCorr    .         Rampage  .   (no gloves)
Will     +....     NoTele   +   (no boots)
Stlth    ++........             (no amulet)
HPRegen  0.15/turn              (no ring)
MPRegen  0.22/turn              (no ring)

@: ice-armoured, freezing walls
A: no striking features
a: Renounce Religion


You were in the Dungeon.
You worshipped Vehumet.
Vehumet was pleased with you.
You visited 1 branch You collected 851 gold pieces.
You spent 150 gold pieces at shops.

Inventory:

Hand Weapons
 c - a +0 dagger (weapon)
Armour
 a - a +0 robe
 h - a +2 robe of willpower (worn)
Wands
 d - a wand of polymorph (2)
Scrolls
 g - 2 scrolls of blinking
 i - a scroll of magic mapping {unknown}
 j - a scroll of fog {unknown}
 k - a scroll of enchant armour
Potions
 b - 3 potions of curing
 e - 2 potions of magic
 f - 2 potions of berserk rage
 l - a potion of attraction {unknown}
 m - a potion of heal wounds


   Skills:
 + Level 1.0 Fighting
 + Level 6.8 Dodging
 - Level 2.9 Stealth
 + Level 15.2 Spellcasting
 * Level 8.0 Conjurations
 + Level 15.5 Ice Magic
 + Level 0.2 Air Magic


You had 24 spell levels left.
You knew the following spells:

 Your Spells              Type           Power      Damage    Failure   Level
a - Freeze                Ice            100%       1d11      0%          1
b - Frozen Ramparts       Ice            100%       1d12      0%          3
c - Ozocubu's Armour      Ice            75%        N/A       0%          3
d - Hailstorm             Conj/Ice       66%        3d14      1%          4
e - Shock                 Conj/Air       100%       1d9       1%          1
f - Poisonous Vapours     Pois/Air       36%        N/A       4%          2

Your spell library contained the following spells:

 Spells                   Type           Power      Damage    Failure   Level


Dungeon Overview and Level Annotations

Branches:
Dungeon (1/1)

Altars:
Cheibriados
Dithmenos
Elyvilon
Fedhas
Gozag
Hepliaklqana
Kikubaaqudgha
Makhleb
Nemelex Xobeh
Okawaru
Qazlal
Ru
Sif Muna
Trog
Uskayaw
Vehumet
Wu Jian
Xom
Yredelemnul
Zin
The Shining One
Jiyva
Lugonu

Shops:
D ?([


Message History

Confirm with . or Enter, or press ? or * to list all spells.
Aiming: Freeze (safe; 0% risk of failure)
Press: ? - help, Shift-Dir - straight line, f - demonic crawler
Aim: a demonic crawler (lightly wounded)
You freeze the demonic crawler.
The demonic crawler resists.
The demonic crawler is lightly wounded.
The demonic crawler resists.
The wall freezes the demonic crawler.
The demonic crawler hits you! The demonic crawler misses you.
The demonic crawler hits you.
The demonic crawler resists.
The wall freezes the demonic crawler.
The demonic crawler closely misses you.
The demonic crawler hits you but does no damage.
The demonic crawler barely misses you.
The demonic crawler resists.
The wall freezes the demonic crawler.
The demonic crawler resists.
The wall freezes the demonic crawler.
The demonic crawler resists.
The wall freezes the demonic crawler.
The demonic crawler barely misses you.
The demonic crawler hits you but does no damage. x2
The demonic crawler resists.
The wall freezes the demonic crawler.
The demonic crawler closely misses you.
The demonic crawler hits you but does no damage. x2
Casting: Freeze (safe; 0% risk of failure)
Confirm with . or Enter, or press ? or * to list all spells.
Aiming: Freeze (safe; 0% risk of failure)
Press: ? - help, Shift-Dir - straight line, f - demonic crawler, p - demonic crawler
Aim: a demonic crawler (moderately wounded)
You freeze the demonic crawler.
The demonic crawler resists.
The demonic crawler is moderately wounded.
The demonic crawler resists.
The wall freezes the demonic crawler.
The demonic crawler resists.
The wall freezes the demonic crawler.
The demonic crawler completely resists.
The wall freezes the demonic crawler but does no damage.
The demonic crawler hits you but does no damage.
The demonic crawler hits you!
* * * LOW HITPOINT WARNING * * *
The demonic crawler misses you.
The demonic crawler resists.
The wall freezes the demonic crawler.
The demonic crawler hits you.
* * * LOW HITPOINT WARNING * * *
The demonic crawler hits you.
* * * LOW HITPOINT WARNING * * *
The demonic crawler hits you.
You die...

##################
.#..'..#__#..)...#
.').#..'..'.)#..@#
'#####'#__####..sss.#
.#...#.#### #####s.+
##..##.# +## _##'#_.+
..'..._#
_##_.#'##+###
_###'#.#(...###
####)####'###)##


You could see 4 demonic crawlers.

Vanquished Creatures
  Sonja (D)
  A deep troll (D)
  2 kobold demonologists (D)
  A slime creature (D)
  Sigmund (D)
  A yak (D)
  A floating eye (D)
  An ogre (D)
  A jelly (D)
  Ijyb (D)
  A ballistomycete spore (D)
12 creatures vanquished.

Vanquished Creatures (others)
  A ballistomycete spore (D)
1 creature vanquished.

Grand Total: 13 creatures vanquished

Notes
Turn   | Place    | Note
-------+----------+-------------------------------------------
     0 | D        | Hipnos the Deep Elf Ice Elementalist began the quest for
                  | the Orb.
     0 | D        | Reached XP level 1. HP: 10/10 MP: 6/6
     1 | D        | Noticed Ijyb
     8 | D        | Killed Ijyb
     9 | D        | Reached XP level 2. HP: 6/15 MP: 1/9
   206 | D        | Noticed an ogre
   224 | D        | Killed an ogre
   225 | D        | Reached skill level 5 in Spellcasting
   225 | D        | Reached XP level 3. HP: 20/20 MP: 6/12
   225 | D        | Reached XP level 4. HP: 24/24 MP: 6/13
   231 | D        | Learned a level 3 spell: Frozen Ramparts
   235 | D        | Learned a level 3 spell: Ozocubu's Armour
   380 | D        | Noticed Sigmund
   388 | D        | Learned a level 4 spell: Hailstorm
   389 | D        | Killed Sigmund
   390 | D        | Reached XP level 5. HP: 28/28 MP: 0/17
   390 | D        | Reached XP level 6. HP: 33/33 MP: 0/18
   525 | D        | Found an ornate altar of the Wu Jian Council.
   525 | D        | Found a shimmering blue altar of Sif Muna.
   527 | D        | Found a radiant altar of Vehumet.
   533 | D        | Reached skill level 1 in Fighting
   536 | D        | Became a worshipper of Vehumet
   585 | D        | Found Geetsuq's Weapon Emporium.
   585 | D        | Found an ancient bone altar of Kikubaaqudgha.
   585 | D        | Found a hazy altar of Hepliaklqana.
   585 | D        | Found a stormy altar of Qazlal.
   585 | D        | Found a hide-covered altar of Uskayaw.
   585 | D        | Found a blossoming altar of Fedhas.
   585 | D        | Found a bloodstained altar of Trog.
   585 | D        | Found an iron altar of Okawaru.
   585 | D        | Found a basalt altar of Yredelemnul.
   585 | D        | Found a glowing golden altar of the Shining One.
   585 | D        | Found a snail-covered altar of Cheibriados.
   585 | D        | Found a sacrificial altar of Ru.
   585 | D        | Found a glowing silver altar of Zin.
   585 | D        | Found a shadowy altar of Dithmenos.
   585 | D        | Found a white marble altar of Elyvilon.
   585 | D        | Noticed a yak
   590 | D        | Killed a yak
   591 | D        | Reached skill level 5 in Dodging
   592 | D        | Found an opulent altar of Gozag.
   593 | D        | Found a sparkling altar of Nemelex Xobeh.
   641 | D        | Found a burning altar of Makhleb.
   641 | D        | Found a viscous altar of Jiyva.
   641 | D        | Found a shimmering altar of Xom.
   641 | D        | Found a corrupted altar of Lugonu.
   641 | D        | Noticed a slime creature
   647 | D        | Killed a slime creature
   648 | D        | Reached skill level 10 in Spellcasting
   648 | D        | Reached XP level 7. HP: 38/38 MP: 2/23
   785 | D        | Noticed a kobold demonologist
   785 | D        | Noticed a kobold demonologist
   788 | D        | Reached * piety under Vehumet
   788 | D        | Offered knowledge of Shock by Vehumet.
   789 | D        | Killed a kobold demonologist
   790 | D        | Reached skill level 5 in Conjurations
   791 | D        | Killed a kobold demonologist
   792 | D        | Reached XP level 8. HP: 38/43 MP: 9/27
   882 | D        | Learned a level 1 spell: Shock
   905 | D        | Noticed Sonja
   909 | D        | Killed Sonja
   909 | D        | Reached ** piety under Vehumet
   909 | D        | Offered knowledge of Poisonous Vapours by Vehumet.
   910 | D        | Reached skill level 15 in Ice Magic
  1055 | D        | Learned a level 2 spell: Poisonous Vapours
  1135 | D        | Found Zuigh's Magic Scroll Boutique.
  1143 | D        | Bought a scroll of enchant armour for 75 gold pieces
  1143 | D        | Bought a scroll of blinking for 75 gold pieces
  1156 | D        | Noticed a deep troll
  1163 | D        | Killed a deep troll
  1164 | D        | Reached skill level 15 in Spellcasting
  1164 | D        | Reached XP level 9. HP: 19/47 MP: 18/30
  1348 | D        | Found Xuys's Armour Emporium.
  1393 | D        | Noticed a demonic crawler
  1393 | D        | Noticed a demonic crawler
  1393 | D        | Noticed a demonic crawler
  1393 | D        | Noticed a demonic crawler
  1398 | D        | Slain by a demonic crawler

Illustrated notes

Levels and vault maps discovered:
D:        dungeon_sprint_1 [red_sonja_temple_1, red_sonja_temple_small_1]

Skill      XL: |  1  2  3  4  5  6  7  8 |
---------------+-------------------------+-----
Dodging        | 3 4 5 6 |  6.8
Spellcasting   | 4 5 7 10 13 15 | 15.2
Ice Magic      | 7 9 12 13 14 15 | 15.5
Fighting       | 1 |  1.0
Conjurations   | 4 6 8 |  8.0
Stealth        | |  2.9
Air Magic      | |  0.2

Action                   |  1- 3 |  4- 6 |  7- 9 || total
-------------------------+-------+-------+-------++-------
 Cast: Freeze            |    10 |     6 |    10 ||    26
       Hailstorm         |       |     4 |     3 ||     7
       Ozocubu's Armour  |       |     5 |     7 ||    12
       Frozen Ramparts   |       |     4 |     6 ||    10
       Shock             |       |       |     2 ||     2
       Poisonous Vapours |       |       |     1 ||     1
  Use: Potion            |     2 |       |       ||     2
Armor: Robe              |       |     2 |    14 ||    16
Dodge: Dodged            |     5 |     9 |    20 ||    34
